Map: [ESL] Glittering Ashes

Players

ShoWTimE

  • Race: Protoss Protoss

Dark - Winner!

  • Race: Zerg Zerg

Event: IEM Katowice 2022

VOD

Have the link to the VOD?

Description

Time

  • Played on: Feb. 24, 2022, 2:15 p.m.
  • Length: 25:19

All games in this series

Show
View Real Time Build Order
Export as new Build Order

ShoWTimE Protoss 

Build Orders: 1 Gate Expand, Oracle Opening 

Get SALT Encoding   

  12  0:00  Probe  
  13  0:12  Probe  
  14  0:18  Pylon  
  14  0:24  Probe  
  15  0:29  Assimilator  
  15  0:36  Probe (Chrono Boost)  
  15  0:42  Gateway  
  16  0:48  Probe (Chrono Boost)  
  17  0:53  Probe (Chrono Boost)  
  18  1:03  Probe  
  19  1:15  Probe  
  20  1:23  Nexus  
  20  1:27  Probe  
  21  1:34  Cybernetics Core  
  21  1:40  Assimilator  
  21  1:43  Probe  
  22  1:49  Pylon  
  22  1:55  Probe  
  23  2:07  Probe (Chrono Boost)  
  24  2:11  Adept  
  24  2:12  Stargate  
  26  2:18  Probe (Chrono Boost), Warp Gate  
  26  2:22  Probe (Chrono Boost)  
  28  2:34  Probe (Chrono Boost)  
  30  2:39  Probe (Chrono Boost)  
  30  2:41  Adept  
  30  2:44  Probe (Chrono Boost)  
  33  2:47  Probe (Chrono Boost), Void Ray (Chrono Boost)  
  33  2:49  Probe (Chrono Boost)  
  35  2:58  Probe  
  40  3:00  Probe  
  40  3:03  Pylon  
  41  3:10  Probe  
  41  3:11  Gateway  
  42  3:13  Probe  
  43  3:20  Oracle (Chrono Boost)  
  43  3:22  Probe  
  43  3:25  Probe  
  48  3:34  Probe  
  48  3:35  Pylon  
  48  3:37  Probe  
  50  3:44  Nexus  
  50  3:47  Probe  
  51  3:49  Probe  
  51  3:53  Assimilator x2  
  52  3:59  Probe  
  52  4:01  Probe  
  54  4:05  Stargate  
  54  4:08  Pylon  
  54  4:11  Probe  
  54  4:12  Protoss Air Weapons Level 1  
  54  4:13  Probe  
  56  4:20  Void Ray  
  56  4:22  Forge  
  56  4:24  Probe  
  57  4:25  Probe  
  62  4:36  Probe  
  62  4:37  Probe  
  64  4:42  Void Ray  
  64  4:43  Pylon  
  64  4:48  Probe (Chrono Boost)  
  64  4:49  Probe (Chrono Boost)  
  70  4:57  Void Ray  
  70  4:59  Shield Battery, Probe x2 (Chrono Boost)  
  73  5:01  Probe (Chrono Boost)  
  73  5:03  Probe (Chrono Boost)  
  73  5:04  Probe (Chrono Boost)  
  79  5:07  Assimilator  
  79  5:10  Probe, Assimilator  
  80  5:14  Probe  
  80  5:16  Probe  
  82  5:22  Probe  
  82  5:23  Fleet Beacon  
  82  5:26  Stargate  
  82  5:27  Probe (Chrono Boost)  
  84  5:31  Probe (Chrono Boost)  
  84  5:34  Photon Cannon, Probe (Chrono Boost)  
  88  5:44  Probe x2 (Chrono Boost)  
  88  5:46  Probe (Chrono Boost)  
  89  5:50  Probe  
  89  5:51  Pylon, Gateway  
  89  5:55  Gateway  
  90  6:00  Pylon  
  96  6:13  Pylon  
  96  6:16  Carrier (Chrono Boost)  
  102  6:18  Carrier (Chrono Boost)  
  102  6:21  Carrier (Chrono Boost)  
  108  6:26  Pylon  
  108  6:39  Probe x2  
  110  6:41  Nexus  
  110  6:44  Pylon  
  110  6:45  Pylon  
  110  6:46  Probe  
  111  6:47  Twilight Council  
  111  7:01  Probe x3  
  111  7:02  Void Ray (Chrono Boost)  
  111  7:04  Protoss Ground Weapons Level 1 (Chrono Boost), Void Ray (Chrono Boost)  
  111  7:07  Void Ray (Chrono Boost)  
  118  7:09  Gateway  
  118  7:10  Photon Cannon  
  118  7:11  Shield Battery  
  118  7:12  Gateway  
  126  7:16  Gateway  
  126  7:19  Gateway  
  123  7:23  Charge  
  123  7:30  Templar Archives  
  123  7:31  Robotics Facility  
  123  7:42  Gateway  
  123  7:44  Gateway  
  123  7:49  Probe x3  
  123  7:50  Gateway x2  
  126  7:57  Zealot x4  
  134  8:03  Phoenix (Chrono Boost)  
  134  8:11  Probe x2  
  134  8:12  Probe x2  
  128  8:13  Pylon  
  120  8:21  Stalker  
  120  8:22  Phoenix  
  120  8:23  Probe x2 (Chrono Boost)  
  120  8:25  Phoenix  
  120  8:30  Probe (Chrono Boost)  
  120  8:31  Probe (Chrono Boost)  
  120  8:35  Probe x2 (Chrono Boost)  
  124  8:41  Probe x2 (Chrono Boost)  
  124  8:42  Probe (Chrono Boost)  
  124  8:43  Probe (Chrono Boost)  
  124  8:45  High Templar x4, Probe (Chrono Boost)  
  124  8:46  Probe (Chrono Boost)  
  136  8:49  Warp Prism, Archon x2  
  136  8:50  Probe  
  136  8:51  Probe  
  136  8:54  High Templar x2  
  144  8:56  Probe  
  144  8:57  Probe  
  144  8:59  Archon  
  144  9:02  Shield Battery  
  144  9:03  Probe x2  
  144  9:08  Probe  
  139  9:11  Phoenix x2 (Chrono Boost)  
  143  9:20  Phoenix (Chrono Boost)  
  143  9:21  Shield Battery  
  143  9:25  Probe x2  
  143  9:29  Phoenix (Chrono Boost)  
  143  9:30  Probe  
  147  9:33  Zealot x4  
  145  9:39  Phoenix x2  
  145  9:45  Photon Cannon  
  148  9:49  Shield Battery  
  148  9:55  Probe  
  148  9:56  Probe x2  
  148  9:57  Assimilator  
  148  9:58  Probe  
  148  9:59  Protoss Air Weapons Level 2 (Chrono Boost), Assimilator  
  150  10:06  Anion Pulse-Crystals (Chrono Boost), Phoenix x2  
  142  10:08  Probe  
  141  10:17  Zealot x4  
  141  10:18  Zealot x2  
  153  10:28  Phoenix  
  152  10:31  Probe x3  
  152  10:32  Shield Battery  
  149  10:37  Stalker x2  
  149  10:40  Phoenix (Chrono Boost)  
  139  10:46  Probe, Void Ray (Chrono Boost)  
  139  10:48  Probe  
  141  10:51  Photon Cannon  
  141  10:55  Pylon  
  141  10:56  Void Ray (Chrono Boost)  
  149  11:03  Zealot x3  
  155  11:08  Pylon  
  155  11:09  Pylon  
  155  11:12  Pylon  
  155  11:16  Zealot x4  
  157  11:19  Zealot x2  
  160  11:26  Protoss Ground Weapons Level 2 (Chrono Boost)  
  160  11:31  High Templar x4  
  160  11:32  Pylon  
  168  11:33  Pylon  
  168  11:35  Archon  
  166  11:46  Archon  
  160  11:48  Phoenix x3  
  160  11:50  Flux Vanes  
  160  11:52  Zealot x3  
  170  11:55  Nexus  
  170  12:07  Gateway, Probe  
  167  12:13  Phoenix x2  
  163  12:15  High Templar  
  163  12:16  High Templar, Zealot x3  
  173  12:24  Archon  
  173  12:25  Zealot x3  
  177  12:34  Phoenix  
  178  12:38  Zealot x3, Phoenix  
  178  12:42  Zealot  
  183  12:48  Zealot x3  
  179  12:56  Zealot x2  
  163  12:59  High Templar x2  
  163  13:03  Archon  
  167  13:06  High Templar x2  
  167  13:12  Probe  
  166  13:15  Phoenix x2  
  166  13:17  Zealot x2  
  166  13:18  Zealot x3  
  156  13:27  Probe x2  
  156  13:28  Probe x3  
  156  13:33  Archon, Zealot x2  
  157  13:35  Void Ray  
  157  13:37  Void Ray x2  
  153  13:44  Zealot  
  153  13:45  Zealot x2  
  169  13:51  Shield Battery  
  169  13:52  Zealot x2  
  163  14:00  Immortal (Chrono Boost), High Templar x4  
  171  14:04  Archon x2  
  171  14:09  Shield Battery  
  175  14:10  Pylon  
  175  14:11  Zealot  
  175  14:14  Void Ray  
  175  14:16  Void Ray  
  177  14:19  Photon Cannon  
  177  14:20  Void Ray  
  185  14:28  High Templar  
  185  14:29  High Templar  
  187  14:34  Archon  
  187  14:36  Stalker x3  
  187  14:37  Stalker  
  182  14:48  Zealot x3  
  160  15:08  Zealot x5  
  160  15:09  Zealot x2  
  150  15:17  Phoenix (Chrono Boost)  
  150  15:18  Phoenix x2 (Chrono Boost)  
  122  15:23  Stalker  
  122  15:24  Stalker  
  121  15:30  High Templar  
  121  15:31  High Templar, Zealot x2  
  121  15:35  Archon  
  125  15:36  Zealot x2  
  125  15:37  Phoenix x3 (Chrono Boost)  
  125  15:41  Probe x3  
  125  15:42  Immortal (Chrono Boost)  
  134  15:49  Zealot x4  
  146  15:51  Assimilator  
  146  16:01  Photon Cannon  
  146  16:03  Assimilator  
  146  16:11  High Templar  
  146  16:12  High Templar  
  146  16:13  Zealot x5  
  146  16:16  Warp Prism (Chrono Boost)  
  146  16:17  Archon  
  160  16:29  Robotics Facility  
  160  16:32  High Templar x2  
  164  16:33  Zealot x5  
  174  16:43  Phoenix x2  
  174  16:45  Phoenix  
  180  16:51  Archon  
  170  17:00  Zealot x2  
  170  17:01  Zealot x2  
  177  17:03  Pylon  
  177  17:08  Phoenix  
  169  17:10  Phoenix  
  169  17:14  Probe  
  168  17:19  Pylon  
  165  17:23  Probe x4  
  165  17:25  Protoss Air Weapons Level 3 (Chrono Boost)  
  168  17:33  Phoenix  
  168  17:36  Zealot x3  
  172  17:39  Probe x3  
  172  17:41  Probe  
  176  17:44  High Templar x2  
  176  17:45  Probe  
  176  17:47  Assimilator  
  176  17:49  Archon  
  181  17:52  Pylon  
  181  17:55  Stalker  
  181  17:57  Photon Cannon  
  180  18:01  Probe x4  
  180  18:03  Probe  
  168  18:09  Zealot x2  
  168  18:12  Zealot  
  151  18:24  Zealot x3, Phoenix (Chrono Boost)  
  156  18:27  Phoenix (Chrono Boost)  
  142  18:33  High Templar x2  
  146  18:34  Zealot  
  146  18:37  Archon  
  146  18:51  Stargate  
  146  18:52  Stargate, Zealot x4  
  148  18:58  Zealot x2  
  146  19:05  Phoenix  
  126  19:28  High Templar x2  
  112  19:33  Archon  
  112  19:36  Phoenix x2 (Chrono Boost)  
  112  19:37  Phoenix (Chrono Boost)  
  98  19:39  Pylon  
  98  19:40  Photon Cannon  
  98  19:41  Shield Battery  
  98  19:55  Phoenix  
  76  20:18  Zealot x3  
  76  20:19  Zealot x3  
  76  20:20  Phoenix  
  87  20:26  Zealot x2  
  71  20:39  Zealot  
  71  20:40  Zealot x8  
  89  20:45  Phoenix  
  91  21:03  Phoenix  
  79  21:08  Pylon  
  79  21:10  Phoenix  
  79  21:18  Nexus  
  79  21:25  Pylon  
  79  21:29  Assimilator  
  79  21:31  Phoenix  
  81  21:39  Zealot  
  83  21:45  Zealot  
  82  22:02  Zealot x2  
  81  22:17  Phoenix (Chrono Boost)  
  83  22:26  Phoenix (Chrono Boost)  
  81  22:44  Zealot x3  
  81  22:48  High Templar x4  
  81  22:49  Zealot  
  91  22:53  Archon x2  
  91  22:58  Phoenix (Chrono Boost)  
  75  23:39  Nexus  
  69  24:06  Phoenix  
  60  24:58  High Templar x4  
  60  25:01  Archon  
  60  25:02  Archon  
  60  25:04  Zealot x2  
Show
View Real Time Build Order
Export as new Build Order

Dark Zerg - Winner!

Build Orders: Hatch First 

Get SALT Encoding   

  12  0:00  Drone  
  13  0:12  Overlord  
  13  0:16  Drone  
  14  0:30  Drone x2  
  14  0:34  Drone  
  17  0:51  Hatchery  
  17  0:54  Drone  
  17  0:57  Drone  
  18  1:09  Extractor  
  17  1:12  Spawning Pool  
  16  1:19  Drone x2  
  18  1:34  Drone  
  18  1:39  Drone  
  20  1:47  Hatchery  
  20  1:54  Drone  
  20  2:02  Queen  
  20  2:03  Zergling x2  
  20  2:07  Drone  
  24  2:12  Queen  
  26  2:20  Overlord  
  26  2:23  Drone  
  26  2:29  Drone  
  28  2:38  Drone x3  
  28  2:39  Queen  
  33  2:48  Drone  
  34  2:52  Drone  
  35  2:59  Drone x2  
  35  3:04  Queen  
  35  3:05  Metabolic Boost, Overlord  
  39  3:12  Overlord  
  39  3:14  Drone  
  39  3:15  Drone  
  39  3:19  Drone  
  42  3:25  Drone x3  
  42  3:26  Drone x2  
  47  3:33  Zergling x4  
  49  3:35  Drone  
  50  3:41  Spore Crawler  
  50  3:42  Queen  
  50  3:43  Spore Crawler  
  50  3:49  Overlord  
  50  3:52  Overlord x2  
  50  3:58  Spore Crawler  
  50  3:59  Drone  
  50  4:08  Drone x8  
  58  4:12  Drone  
  58  4:14  Drone  
  58  4:15  Drone x2  
  62  4:19  Zergling x2  
  62  4:20  Drone  
  62  4:21  Drone x2  
  62  4:24  Extractor  
  65  4:27  Drone x3  
  65  4:29  Lair  
  68  4:33  Drone x2  
  68  4:37  Zergling x4  
  68  4:38  Drone  
  72  4:45  Roach Warren  
  72  4:47  Drone x2  
  73  4:53  Drone  
  73  4:57  Overlord  
  74  5:01  Queen, Evolution Chamber, Extractor  
  74  5:02  Extractor  
  73  5:07  Hatchery, Drone  
  73  5:08  Drone  
  73  5:12  Overlord x2  
  73  5:13  Extractor  
  73  5:14  Drone, Queen  
  73  5:15  Extractor  
  73  5:16  Drone x2  
  73  5:17  Drone  
  73  5:19  Drone  
  79  5:23  Drone x3  
  82  5:29  Glial Reconstitution  
  82  5:31  Zerg Melee Weapons Level 1  
  82  5:35  Queen  
  84  5:37  Drone x4  
  84  5:38  Drone  
  84  5:42  Drone  
  88  5:44  Drone  
  88  5:49  Spire  
  88  5:50  Queen, Roach x2  
  88  5:51  Roach  
  88  5:56  Drone  
  97  5:57  Overlord  
  97  5:58  Overlord  
  97  5:59  Overlord  
  97  6:06  Overlord  
  97  6:08  Overlord  
  97  6:10  Overlord  
  97  6:15  Drone x4, Overlord  
  97  6:16  Drone x2  
  103  6:26  Drone, Spore Crawler  
  103  6:27  Overlord  
  103  6:30  Zergling x10  
  108  6:39  Extractor  
  107  6:42  Extractor  
  105  6:55  Drone x2  
  105  7:00  Hatchery  
  106  7:03  Mutalisk x12  
  106  7:05  Mutalisk  
  106  7:08  Zergling x10  
  138  7:15  Drone  
  137  7:25  Drone  
  137  7:27  Zerg Melee Weapons Level 2, Zerg Flyer Weapons Level 1  
  137  7:28  Zergling x22  
  149  7:36  Overseer  
  149  7:37  Drone x4  
  151  7:43  Drone  
  154  7:48  Drone x2  
  154  7:49  Extractor, Zergling x2  
  156  7:51  Extractor  
  156  7:57  Corruptor x5  
  165  7:59  Corruptor  
  161  8:09  Hatchery  
  159  8:22  Mutalisk x6  
  161  8:35  Mutalisk x3, Hatchery  
  161  8:41  Drone, Overlord x2  
  167  8:43  Overlord  
  167  8:45  Overlord  
  167  8:53  Overlord  
  167  9:01  Corruptor  
  167  9:02  Corruptor x3  
  175  9:11  Mutalisk x3  
  175  9:13  Zergling x6  
  184  9:19  Mutalisk x2  
  188  9:26  Drone x3  
  177  9:39  Mutalisk x5  
  177  9:41  Zergling x12  
  177  9:44  Mutalisk  
  184  9:47  Drone  
  184  9:48  Drone x2  
  184  9:51  Zerg Flyer Weapons Level 2  
  187  10:03  Zergling x20  
  197  10:07  Spine Crawler  
  196  10:15  Mutalisk x2  
  182  10:39  Corruptor x9  
  178  10:44  Corruptor  
  178  10:45  Corruptor  
  178  10:49  Drone x3  
  185  10:51  Extractor  
  185  10:52  Extractor  
  185  10:54  Corruptor x2  
  187  11:03  Corruptor x3  
  188  11:18  Corruptor x5  
  197  11:29  Zerg Ground Armor Level 1  
  197  11:33  Pneumatized Carapace  
  179  11:56  Mutalisk x7  
  179  11:59  Zergling x28  
  199  12:08  Zerg Flyer Armor Level 1  
  197  12:14  Mutalisk x5  
  193  12:24  Corruptor  
  193  12:25  Corruptor x2  
  191  12:38  Corruptor x5  
  185  12:55  Roach x5  
  185  12:56  Roach x6  
  185  12:57  Roach x2  
  187  13:03  Roach x3  
  189  13:11  Mutalisk x4  
  179  13:17  Roach x3  
  179  13:19  Roach  
  177  13:23  Roach x3  
  177  13:24  Roach  
  177  13:26  Roach  
  171  13:37  Zergling x20  
  180  13:41  Mutalisk  
  180  13:45  Zerg Missile Weapons Level 1  
  180  13:47  Mutalisk  
  183  13:50  Mutalisk  
  183  13:57  Mutalisk x2, Drone  
  188  14:03  Mutalisk x3  
  194  14:12  Mutalisk  
  194  14:13  Mutalisk x2  
  195  14:33  Drone  
  187  14:46  Ravager  
  187  14:47  Ravager x9  
  187  14:48  Zergling x8  
  187  14:52  Drone x3  
  197  14:53  Drone  
  177  15:09  Roach x3  
  177  15:10  Roach x14  
  177  15:13  Roach x2  
  175  15:19  Zergling x2  
  161  15:23  Drone x2  
  161  15:25  Mutalisk x2  
  161  15:26  Mutalisk  
  169  15:32  Drone x2  
  171  15:36  Extractor, Corruptor  
  171  15:38  Corruptor  
  174  15:45  Mutalisk  
  174  15:46  Mutalisk  
  178  15:52  Corruptor  
  180  15:57  Corruptor x2  
  184  16:05  Mutalisk x3  
  190  16:15  Mutalisk x2  
  190  16:16  Mutalisk x3  
  200  16:27  Zerg Flyer Armor Level 2  
  200  16:35  Infestation Pit  
  200  16:37  Hatchery  
  190  16:50  Mutalisk x6  
  196  16:54  Mutalisk  
  196  16:59  Hatchery  
  191  17:09  Corruptor  
  191  17:10  Corruptor x3  
  191  17:17  Mutalisk x3  
  197  17:33  Corruptor x4  
  199  17:40  Drone  
  200  17:55  Hatchery  
  196  18:08  Mutalisk x7  
  188  18:23  Mutalisk x8  
  194  18:34  Mutalisk x2  
  186  18:38  Mutalisk  
  186  18:40  Mutalisk  
  177  18:45  Zergling x26  
  172  18:51  Mutalisk x2  
  171  19:01  Mutalisk  
  137  19:22  Zergling x20  
  135  19:26  Zergling x2  
  135  19:30  Zergling x2  
  137  19:36  Spawning Pool  
  137  19:38  Spire  
  137  19:39  Drone x2  
  118  20:17  Drone  
  104  20:29  Hatchery  
  97  20:44  Hatchery  
  96  20:54  Corruptor x4  
  103  21:16  Mutalisk x2  
  105  21:22  Mutalisk  
  107  21:31  Drone x2  
  110  21:32  Drone  
  110  21:36  Mutalisk  
  109  22:05  Corruptor  
  110  22:13  Drone x3  
  111  22:16  Drone  
  111  22:17  Drone x2  
  111  22:18  Extractor  
  111  22:19  Drone x5  
  116  22:25  Drone x4  
  114  22:40  Corruptor x2  
  118  22:44  Drone  
  118  22:45  Drone  
  118  22:49  Extractor  
  119  22:55  Corruptor  
  113  23:15  Corruptor  
  106  23:21  Corruptor  
  106  23:25  Spawning Pool  
  103  23:30  Corruptor  
  105  23:41  Drone  
  102  23:52  Mutalisk  
  102  23:54  Mutalisk  
  102  24:12  Queen x4  
  102  24:14  Zergling x2  
  102  24:15  Zergling x28  
  102  24:16  Roach Warren  
  120  24:28  Zergling x8  
  120  24:29  Zergling x2  
  123  24:36  Spore Crawler  
  121  24:39  Drone x5  
  118  24:49  Drone x3  

Tags
 
Add a new tag
Caveats
  • Supply blocks, unpowered buildings, or Contaminate may cause inaccurate times.
  • Supply counts are checked every 10 seconds.